 Dungeon Crawl Stone Soup version 0.29-a0-251-g80730f7218 (webtiles) character file.

Game seed: 15324982020035685898

23301 fragbeetle the Demolition Djinni (level 13, -17/96 HPs)
             Began as a Djinni Fire Elementalist on Mar 5, 2022.
             Was an Elder of Makhleb.
             Demolished by a bog body (42 damage)
             ... on level 3 of the Lair of Beasts on Mar 6, 2022.
             The game lasted 00:43:59 (20120 turns).

fragbeetle the Demolition Djinni (DjFE)            Turns: 20120, Time: 00:43:59

Health: -17/96     AC: 11    Str: 11    XL:     13   Next: 34%
Gold:   423        EV: 14    Int: 19    God:    Makhleb [****..] SH:  6 Dex: 21

rFire   + + +      SeeInvis .   a - staff of fire
rCold   x . .      Faith    .   I - +0 buckler
rNeg    + + .      Spirit   .   r - +2 robe "Nugixaj" {Contam rPois rN++ Str+2}
rPois   ∞          Reflect  .   (no helmet)
rElec   .          Harm     .   f - +0 cloak
rCorr   .          Rampage  .   L - +1 pair of gloves
Will    +....                   (boots unavailable)
Stlth   ++........              g - amulet of the acrobat
HPRegen 0.26/turn               j - +6 ring of dexterity
MPRegen 0.00/turn               H - +4 ring of protection

@: flying, slowed, very slow
A: sickness immunity, fire resistance 2, cold vulnerability 1, float, innate
caster, HP casting, extra vitality 1
a: Renounce Religion, Minor Destruction, Lesser Servant of Makhleb, Major
Destruction


You were on level 3 of the Lair of Beasts.
You worshipped Makhleb.
Makhleb was greatly pleased with you.
You visited 3 branches of the dungeon, and saw 15 of its levels.

You collected 711 gold pieces.
You spent 288 gold pieces at shops.

Inventory:

Hand Weapons
 b - a +4 fustibalus of flaming
 s - a +3 vorpal double sword
 X - a +5 flail
Missiles
 u - 11 curare-tipped darts
 E - 2 silver boomerangs
 S - 3 throwing nets
 W - 17 poisoned darts
Armour
 f - a +0 cloak (worn)
 r - the +2 robe "Nugixaj" (worn) {Contam rPois rN++ Str+2}
   (You found it on level 4 of the Dungeon)

   Str:       It affects your strength (+2).
   rPois:     It protects you from poison.
   rN:        It greatly protects you from negative energy.
   Contam:    It causes magical contamination when unequipped.
 x - a +2 robe of willpower
 I - a +0 buckler (worn)
 L - a +1 pair of gloves (worn)
 U - the +2 leather armour of Hiusoz {rF+ Int+6}
   (You found it on level 8 of the Dungeon)

   Int:       It affects your intelligence (+6).
   rF:        It protects you from fire.
Magical Staves
 a - a staff of fire (weapon)
Jewellery
 g - an amulet of the acrobat (around neck)
 j - a +6 ring of dexterity (left hand)
 l - a ring of protection from cold
 H - a +4 ring of protection (right hand)
 J - a ring of protection from cold
 T - a +4 ring of evasion
Wands
 w - a wand of digging (6)
 C - a wand of polymorph (14)
 G - a wand of flame (11)
 P - a wand of charming (5)
 R - a wand of paralysis (11)
 Z - a wand of mindburst (7)
Scrolls
 e - 2 scrolls of summoning
 k - a scroll of enchant weapon {unknown}
 m - a scroll of brand weapon
 o - 3 scrolls of immolation
 p - 3 scrolls of teleportation
 y - 3 scrolls of magic mapping
 z - 2 scrolls of vulnerability {unknown}
 B - a scroll of fear {unknown}
 D - a scroll of noise {unknown}
 F - 3 scrolls of blinking {unknown}
 K - 2 scrolls of fog {unknown}
 Y - a scroll of holy word {unknown}
Potions
 c - 5 potions of lignification
 d - 6 potions of brilliance
 h - 4 potions of flight {unknown}
 i - 3 potions of mutation {unknown}
 n - 4 potions of heal wounds
 q - 3 potions of magic {unknown}
 t - 4 potions of curing
 v - 3 potions of haste {unknown}
 A - 3 potions of berserk rage
 M - 3 potions of might
 N - a potion of cancellation
 O - a potion of attraction


   Skills:
 - Level 10.0 Fighting
 + Level 8.5 Long Blades
 - Level 3.8 Dodging
 - Level 1.5 Stealth
 - Level 5.0 Shields
 - Level 9.7 Spellcasting
 - Level 10.3 Invocations


You couldn't memorise any spells.
You knew the following spells:

 Your Spells              Type           Power      Damage    Failure   Level
a - Foxfire               Conj/Fire      100%       2x1d9     1%          1
b - Scorch                Fire           100%       2d10      1%          2
c - Conjure Flame         Conj/Fire      62%        6-21      1%          3
d - Inner Flame           Hex/Fire       62%        N/A       1%          3
e - Flame Wave            Conj/Fire      62%        2d12      1%          4
f - Animate Skeleton      Necr           92%        N/A       1%          1
g - Ensorcelled Hibernat  Hex/Ice        92%        N/A       1%          2
h - Summon Guardian Gole  Hex/Summ       46%        N/A       1%          3
i - Summon Ice Beast      Ice/Summ       46%        N/A       1%          4
j - Ice Form              Ice/Tmut       46%        N/A       1%          4
k - Lee's Rapid Deconstr  Erth           23%        3d14*     4%          5
Your spell library was empty.

Dungeon Overview and Level Annotations

Branches:
Dungeon (11/15)            Temple (1/1) D:4            Lair (3/6) D:8
 Spider (0/4) Lair:2          Orc (0/2) D:10
  Swamp: Lair:2-4    Shoals: Lair:2-4

Altars:
Ashenzari
Cheibriados
Dithmenos
Elyvilon
Fedhas
Gozag
Hepliaklqana
Kikubaaqudgha
Makhleb
Nemelex Xobeh
Okawaru
Qazlal
Ru
Sif Muna
Trog
Uskayaw
Vehumet
Wu Jian
Xom
Yredelemnul
Zin
The Shining One

Shops:
D:2 [   D:6 (   D:7 !

Annotations:
D:3 Grinder
D:6 3 runed translucent doors, PaleWalker's ghost, novice DEAE
D:9 2 transporters, drugrobin's ghost, novice DgFi


Innate Abilities, Weirdness & Mutations

You are immune to sickness and miasma.
You are immune to poison.
Your flesh is very heat resistant. (rF++)
You are vulnerable to cold. (rC-)
You float through the air rather than walking.
You learn spells naturally, not from books.
Your magical power is your life essence.
You have superior vitality. (+4 MHP)


Message History

The bog body is engulfed in a forest fire.
You hear a trumpeting!
A wave of flame ripples out!
The flame wave engulfs the bog body!
The bog body resists.
The bog body is severely damaged.
A wave of flame ripples out!
The flame wave engulfs the bog body.
The bog body resists.
The bog body is severely damaged.
The flame wave engulfs the bog body!
The bog body resists.
The bog body is moderately damaged.
The flame wave engulfs the fungus!!
The fungus begins to die.
The fungus is lightly damaged.
You finish channelling waves of flame.
The bog body closely misses you. The bog body touches you!
The bog body freezes you!
You feel a terrible chill!
Casting: Flame Wave (mildly dangerous; 1% risk of failure)
Confirm with . or Enter, or press ? or * to list all spells.
Casting: Flame Wave (mildly dangerous; 1% risk of failure)
Press: ? - help, Dir - look around, f - activate You feel a surge of power!
A wave of flame ripples out!
The flame wave engulfs the bog body!
The bog body resists.
The bog body is almost destroyed.
The flame wave engulfs the bog body!
The bog body resists.
The bog body is heavily damaged. (Press . to intensify the flame waves.)
A nearby fungus withers and dies.
The bog body touches you. The bog body freezes you!!
You feel a terrible chill!
The elephant is engulfed in blazing flames.
You block the bog body's attack.
The bog body points at you and mumbles some strange words.
You resist with some effort.
Casting: Flame Wave (mildly dangerous; 1% risk of failure)
Confirm with . or Enter, or press ? or * to list all spells.
A chill wind blows around you.
You hear a croak.
You block the bog body's attack.
The elephant is engulfed in blazing flames.
The bog body touches you!
* * * LOW HITPOINT WARNING * * *
The bog body freezes you!!!
You feel a terrible chill!
You die...

##.## #.#.# ....# ### ####
...## #.####### #####P...
....# #.......#####........
...####.......+..##.......#
..............Y...#.......#
...#.............##.......P
....#.........##@n+$.⌠⌠...#
...###.#...#'####n#....♣
...# ######..# #Y§§.Y.♣
#..# ##.# #..§§..♣ ##.#
#..## #.§§≈☼♣≈♣ #### ##..#
#.§§§..≈♣ ## ######.##
##§♣§♣.≈♣ .# #.#.#..P#
#.♣♣..♣♣ .### ##.......##
#♣♣ ♣.≈


You could see an elephant, 2 bog bodies and a friendly ice beast (summoned).

Vanquished Creatures
  Urug (Lair:2)
  An orb spider (Lair:2)
  A bog body (Lair:3)
  2 ugly things (D:8)
  A cyclops (D:8)
  3 elephants (Lair:3)
  Maurice (D:11)
  4 black mambas
  4 cane toads
  6 komodo dragons
  An unseen horror (D:10)
  A rime drake (Lair:2)
  3 trolls
  3 blink frogs (Lair:3)
  6 wyverns
  11 yaks
  2 shadows (D:11)
  A wraith (D:10)
  Eustachio (D:5)
  A basilisk (Lair:2)
  A fire bat (Lair:2)
  A fire elemental (Lair:2)
  2 vampire mosquitoes (D:10)
  6 water moccasins
  5 orc warriors
  2 black bears
  4 ice beasts
  2 phantoms
  10 wolves
  4 centaurs
  3 kobold brigands
  2 necrophages (D:5)
  6 bullfrogs
  A gnoll sergeant (D:6)
  2 scorpions
  14 wights
  5 killer bees (D:9)
  An electric eel (Lair:2)
  4 howler monkeys
  A lava snake (Lair:2)
  A jelly (D:6)
  A gnoll shaman (D:9)
  6 orc priests
  A hound (D:3)
  5 orc wizards
  10 iguanas
  11 gnolls
  7 adders
  A white imp (D:5)
  2 worms
  5 dart slugs
  29 orcs
  7 endoplasms
  10 goblins
  7 hobgoblins
  13 jackals
  7 kobolds
  4 quokkas (D:2)
  9 ball pythons
  5 bats
  6 frilled lizards
  3 rats
  A butterfly (Lair:2)
281 creatures vanquished.

Vanquished Creatures (collateral kills)
  A two-headed ogre (D:8)
  A cyclops (D:8)
  A troll (D:8)
  A hornet (D:10)
  A yak (Lair:3)
  3 fire bats (Lair:2)
  Grum (D:8)
  2 orc warriors (D:10)
  An ogre (D:6)
  A hound (D:6)
  An orc wizard (D:9)
  4 orcs
18 creatures vanquished.

Vanquished Creatures (others)
  A hydra (D:11)
  Nergalle (Lair:2)
  A wyvern (D:9)
  2 orc warriors
  A centaur (D:9)
  2 wights (D:9)
  An orc wizard (D:9)
  3 kobolds (D:9)
  41 foxfires (D:1)
  4 fungi
  14 plants
71 creatures vanquished.

Grand Total: 370 creatures vanquished

Notes
Turn   | Place    | Note
-------+----------+-------------------------------------------
     0 | D:1      | fragbeetle the Djinni Fire Elementalist began the quest for
                  | the Orb.
     0 | D:1      | Reached XP level 1. HP: 15/15 MP: 0/0
   238 | D:1      | Reached XP level 2. HP: 10/22 MP: 0/0
   411 | D:1      | Reached skill level 1 in Fighting
  1032 | D:1      | Reached XP level 3. HP: 11/27 MP: 0/0
  1032 | D:1      | Learned a level 1 spell: Animate Skeleton
  1374 | D:1      | Found a faded altar of an unknown god.
  1393 | D:1      | You are sucked into a shaft and drop 1 floor!
  2127 | D:2      | Reached XP level 4. HP: 31/33 MP: 0/0
  2377 | D:2      | Found Ypuxar's Antique Armour Boutique.
  2922 | D:3      | Reached XP level 5. HP: 25/40 MP: 0/0
  2922 | D:3      | Learned a level 2 spell: Ensorcelled Hibernation
  3899 | D:3      | Noticed Grinder
  3982 | D:3      | Found a glowing silver altar of Zin.
  3985 | D:3      | Found a white marble altar of Elyvilon.
  4298 | D:3      | Reached XP level 6. HP: 37/47 MP: 0/0
  4579 | D:4      | Found a staircase to the Ecumenical Temple.
  4607 | Temple   | Entered the Ecumenical Temple
  4684 | Temple   | Became a worshipper of Makhleb the Destroyer
  5063 | D:4      | Reached XP level 7. HP: 38/52 MP: 0/0
  5063 | D:4      | Learned a level 3 spell: Summon Guardian Golem
  5148 | D:4      | Identified the +2 robe "Nugixaj" {Contam rPois rN++ Str+2}
  5658 | D:4      | Found a faded altar of an unknown god.
  5694 | D:4      | Reached skill level 5 in Spellcasting
  5953 | D:4      | Found a hazy altar of Hepliaklqana.
  5998 | D:5      | Entered Level 5 of the Dungeon
  6078 | D:5      | Found an opulent altar of Gozag.
  6104 | D:5      | Reached skill level 5 in Fighting
  6166 | D:5      | Reached XP level 8. HP: 43/59 MP: 0/0
  6774 | D:5      | Noticed Eustachio
  6781 | D:5      | Killed Eustachio
  6781 | D:5      | Reached * piety under Makhleb
  7462 | D:6      | Reached XP level 9. HP: 33/66 MP: 0/0
  7462 | D:6      | Learned a level 4 spell: Summon Ice Beast
  7480 | D:6      | Reached skill level 5 in Invocations
  8079 | D:6      | Found Mysef's Weapon Shoppe.
  8682 | D:6      | Found a runed translucent gate.
  8683 | D:6      | Found a runed translucent gate.
  8684 | D:6      | Found a runed translucent gate.
  8712 | D:6      | Noticed PaleWalker's ghost (novice DEAE)
  9263 | D:6      | Reached skill level 1 in Shields
  9437 | D:7      | Reached ** piety under Makhleb
  9726 | D:7      | Reached XP level 10. HP: 66/72 MP: 0/0
  9958 | D:7      | Found Ulazayt's Distillery.
  9966 | D:7      | Bought a potion of curing for 36 gold pieces
  9966 | D:7      | Bought a potion of heal wounds for 60 gold pieces
  9966 | D:7      | Bought a potion of might for 48 gold pieces
  9966 | D:7      | Bought a potion of cancellation for 96 gold pieces
  9966 | D:7      | Bought a potion of degeneration for 12 gold pieces
  9966 | D:7      | Bought a potion of attraction for 36 gold pieces
 10174 | D:8      | Noticed Grum
 10548 | D:7      | Reached skill level 5 in Shields
 11075 | D:8      | Killed Grum
 11121 | D:8      | Found a staircase to the Lair.
 11124 | D:8      | Reached skill level 10 in Invocations
 11445 | D:8      | Found a shimmering altar of Xom.
 11538 | D:8      | Reached XP level 11. HP: 73/79 MP: 0/0
 11538 | D:8      | Learned a level 4 spell: Ice Form
 11795 | D:8      | Reached *** piety under Makhleb
 11809 | D:8      | Noticed a two-headed ogre
 12178 | D:8      | Noticed a cyclops
 12188 | D:8      | Killed a two-headed ogre
 12192 | D:8      | HP: 4/81 [orc warrior/sling bullet (5)]
 12510 | D:8      | Killed a cyclops
 12862 | D:8      | Noticed a purple ugly thing
 12866 | D:8      | Noticed a purple ugly thing
 12869 | D:8      | Killed a purple ugly thing
 12875 | D:8      | Killed a purple ugly thing
 12904 | D:8      | Identified the +2 leather armour of Hiusoz {rF+ Int+6}
 13542 | D:9      | Found a transporter.
 13544 | D:9      | Noticed a two-headed ogre
 13793 | D:9      | Noticed a two-headed ogre
 13794 | D:9      | Found a bloodstained altar of Trog.
 13794 | D:9      | Noticed drugrobin's ghost (novice DgFi)
 13795 | D:9      | Noticed a tengu warrior
 13963 | D:9      | Found a snail-covered altar of Cheibriados.
 14120 | D:9      | Found a transporter.
 14120 | D:9      | Noticed a two-headed ogre
 14144 | D:9      | Noticed a moth of wrath
 14307 | D:10     | Entered Level 10 of the Dungeon
 14404 | D:10     | Reached **** piety under Makhleb
 14645 | D:10     | Reached XP level 12. HP: 57/91 MP: 0/0
 14907 | D:10     | Found a staircase to the Orcish Mines.
 14918 | D:10     | Reached skill level 10 in Fighting
 15525 | D:11     | Noticed an eight-headed hydra
 15527 | D:11     | Noticed Maurice
 15532 | D:11     | Killed an eight-headed hydra
 15542 | D:11     | Killed Maurice
 15745 | D:11     | Found a shadowy altar of Dithmenos.
 15781 | D:11     | Noticed a two-headed ogre
 16163 | Lair:1   | Entered Level 1 of the Lair of Beasts
 16609 | Lair:1   | Found a sacrificial altar of Ru.
 17175 | Lair:2   | Noticed Urug
 17200 | Lair:2   | Killed Urug
 17297 | Lair:2   | Reached skill level 1 in Long Blades
 17397 | Lair:2   | Noticed Nergalle
 17412 | Lair:2   | Killed Nergalle
 17529 | Lair:2   | Noticed a boulder beetle
 18275 | Lair:2   | Found a hole to the Spider Nest.
 18275 | Lair:2   | Noticed an orb spider
 18286 | Lair:2   | Killed an orb spider
 18522 | Lair:3   | Reached skill level 5 in Long Blades
 18742 | Lair:3   | Reached XP level 13. HP: 89/96 MP: 0/0
 18742 | Lair:3   | Learned a level 5 spell: Lee's Rapid Deconstruction
 20120 | Lair:3   | Demolished by a bog body

Illustrated notes

Levels and vault maps discovered:
D:1:      zelgadis_glass_arrival_small, layout_rooms,
          chequers_ecumenical_altar_lobes, grunt_decor_arrowhead, st_stairs_8,
          minmay_misc_feat_rugged
D:2:      layout_rooms, serial_shops, nicolae_shop_stone, feat_on_display
D:3:      layout_loops_corners, minitemple, uniq_grinder
D:4:      layout_cave_pools, beargit_hepliaklqana_dungeon_heroes,
          mainiacjoe_overflow_six_doors_small, minmay_temple_entry_butterflies
D:5:      layout_basic, mainiacjoe_overflow_boulevard, uniq_eustachio
D:6:      layout_loops_corners, vehumet_crystals, gammafunk_ghost_icy,
          kennysheep_windowed_goal
D:7:      layout_rooms, serial_shops, shop, minmay_statues_item
D:8:      minmay_the_grid_octo_triangle [minmay_the_grid_octo_concentric,
          minmay_the_grid_octo_prize_ultimate_mussel_roller,
          minmay_the_grid_octo_empty], layout_loops_cross, xom_teletrap_fun,
          minmay_lair_entry_grove, minmay_misc_feat_hallway,
          chequers_serial_rivers_large_b, uniq_grum
D:9:      layout_small_grid, mainiacjoe_overflow_brackets,
          gammafunk_ghost_wrathful_warriors
D:10:     layout_loops_ring, david_orc_3
D:11:     layout_rooms, grunt_decor_mini_mirrors, grunt_dithmenos_shadows,
          uniq_maurice
Temple:   eino_temple_water
Lair:1:   layout_chaotic_city, basic_altar
Lair:2:   layout_chaotic_city, nicolae_spider_entry_orb_guardian,
          lemuel_fruit_fields, infiniplex_staircase_pool, uniq_nergalle,
          uniq_urug
Lair:3:   layout_roguey, nicolae_swamp_entry_splash_gauntlet, grunt_megastairs_3

Skill      XL: |  1  2  3  4  5  6  7  8  9 10 11 12 13 |
---------------+----------------------------------------+-----
Fighting       | 1 2 3 4 5 6 7 9 10 | 10.0
Spellcasting   | 3 4 5 6 8 9 |  9.7
Invocations    | 4 8 10 | 10.3
Shields        | 3 5 |  5.0
Dodging        | 3 |  3.8
Long Blades    | 5 8 |  8.5
Stealth        | |  1.5

Action                   |  1- 3 |  4- 6 |  7- 9 | 10-12 | 13-15 || total
-------------------------+-------+-------+-------+-------+-------++-------
Melee: Unarmed           |     3 |       |       |       |     9 ||    12
       Dagger            |    25 |    16 |       |       |       ||    41
       Short sword       |       |    19 |       |       |       ||    19
       Flail             |       |       |    35 |    51 |       ||    86
       Punch             |       |       |     1 |       |       ||     1
       Staff             |       |       |       |    10 |     7 ||    17
 Fire: Fustibalus        |       |       |       |     4 |       ||     4
Throw: Dart              |       |       |     1 |       |       ||     1
 Cast: Foxfire           |    28 |       |       |       |       ||    28
       Scorch            |    21 |    77 |   135 |   210 |    12 ||   455
       Animate Skeleton  |       |     3 |     1 |     1 |       ||     5
       Ensorcelled Hiber |       |     1 |       |     5 |     2 ||     8
       Summon Guardian G |       |       |    11 |    16 |     1 ||    28
       Flame Wave        |       |       |     6 |    22 |    12 ||    40
       Summon Ice Beast  |       |       |     3 |    28 |     2 ||    33
       Inner Flame       |       |       |       |    15 |       ||    15
       Ice Form          |       |       |       |       |     1 ||     1
  Use: Potion            |       |       |       |     2 |       ||     2
       Scroll            |       |       |       |     8 |     1 ||     9
 Stab: Sleeping          |       |     2 |       |       |     1 ||     3
Armor: Robe              |     6 |     9 |    22 |    81 |     5 ||   123
       Skin              |       |       |       |       |     4 ||     4
Dodge: Dodged            |    35 |    71 |    92 |   196 |    32 ||   426
Block: Buckler           |       |       |    14 |    87 |    17 ||   118

Table legend: (Time is in decaauts)
 A = Elapsed time spent in this place.
 B = Non-inter-level travel time spent in this place.
 C = Inter-level travel time spent in this place.
 D = Time resting spent in this place.
 E = Time spent auto-exploring this place.
 F = Levels seen in this place.
 G = Mean time per level.
                   A        B        C        D        E       F      G
               +--------+--------+--------+--------+--------+-----+--------+
         Total |  20172 |  19671 |    501 |   4573 |  12011 |  15 | 1344.8 |
       Dungeon |  16107 |  15676 |    431 |   3523 |   9756 |  11 | 1464.3 |
        Temple |     88 |     78 |     10 |      0 |      0 |   1 |   88.0 |
          Lair |   3975 |   3915 |     60 |   1050 |   2255 |   3 | 1325.0 |
               +--------+--------+--------+--------+--------+-----+--------+

Top non-repeatable levels by time:
     D:7: 2173 daAuts
     D:5: 1954 daAuts
  Lair:2: 1830 daAuts
     D:3: 1756 daAuts
     D:8: 1556 daAuts
    D:10: 1524 daAuts
     D:4: 1519 daAuts
     D:1: 1500 daAuts
     D:6: 1473 daAuts
  Lair:3: 1269 daAuts
     D:9: 1239 daAuts
     D:2: 1135 daAuts
  Lair:1: 875 daAuts
    D:11: 274 daAuts
  Temple: 88 daAuts
